 Dungeon Crawl Stone Soup version 0.26.0-11-g8f856b5395 (webtiles) character file.

Game seed: 14630705863111997262

6869 Kejsarherre the Carver (level 11, -3/148 HPs)
             Began as a Formicid Fighter on Jan 15, 2021.
             Was a Priest of Okawaru.
             Slain by Snorg (8 damage)
             ... on level 11 of the Dungeon.
             The game lasted 00:21:02 (11083 turns).

Kejsarherre the Carver (Formicid Fighter)          Turns: 11083, Time: 00:21:03

Health: -3/148     AC: 25    Str: 22    XL:     11   Next: 26%
Magic:  10/11      EV:  2    Int: 10    God:    Okawaru [***...]
Gold:   158        SH: 11    Dex: 10    Spells: 10/10 levels left

rFire    . . .     SeeInvis .   l - +0 great sword
rCold    . . .     Faith    +   c - +0 kite shield
rNeg     + + +     Spirit   .   (armour currently unavailable)
rPois    +         Reflect  .   (helmet unavailable)
rElec    .         Harm     .   (cloak currently unavailable)
rCorr    .         Rampage  .   (gloves currently unavailable)
Will     +....     Clarity  +   (boots currently unavailable)
Stlth    +.........             g - amulet of faith
HPRegen  0.34/turn              b - +4 ring of evasion
MPRegen  0.12/turn              (no ring)

@: tree-form
A: permanent stasis, dig shafts and tunnels, four strong arms, clarity, robust 1
a: Renounce Religion, Heroism


You were on level 11 of the Dungeon.
You worshipped Okawaru.
Okawaru was most pleased with you.
You were a tree.
You visited 2 branches of the dungeon, and saw 12 of its levels.

You collected 638 gold pieces.
You spent 480 gold pieces at shops.

Inventory:

Hand Weapons
 l - a +0 great sword (weapon)
Armour
 c - a +0 kite shield (worn)
 o - the +4 ring mail of Distant Shores (melded) {rN+ Int+4 Dex+7}
   (You found it on level 5 of the Dungeon)

   It affects your intelligence (+4).
   It affects your dexterity (+7).
   It protects you from negative energy.
 y - a +0 pair of gloves (melded)
 B - a +2 cloak (melded)
Jewellery
 b - a +4 ring of evasion (left branch)
 g - an amulet of faith (around neck)
 u - an uncursed ring of flight
 x - an uncursed ring of wizardry
Wands
 m - a wand of acid (1)
 r - a wand of disintegration (7)
 t - a wand of iceblast (22)
 v - a wand of paralysis (10)
 A - a wand of flame (14)
Scrolls
 j - 4 scrolls of amnesia
 k - 8 scrolls of remove curse
 q - a scroll of identify
 s - a scroll of fog
Potions
 a - a potion of flight
 d - 2 potions of might
 e - 3 potions of brilliance
 f - 2 potions of curing
 h - 2 potions of magic
 p - 2 potions of haste
 w - a potion of mutation
 z - a potion of invisibility {unknown}


   Skills:
 + Level 10.1 Fighting
 * Level 12.2 Long Blades
 - Level 3.2 Armour
 - Level 9.0 Shields


You had 10 spell levels left.
You didn't know any spells.
Your spell library contained the following spells:

 Spells                   Type           Power        Failure   Level
 Freeze                   Ice            0%           36%         1
 Sandblast                Erth           0%           36%         1
 Shock                    Conj/Air       0%           36%         1
 Sting                    Tmut/Pois      0%           36%         1
 Passwall                 Tmut/Erth      0%           50%         2
 Poisonous Vapours        Pois/Air       0%           50%         2
 Frozen Ramparts          Ice            0%           75%         3
 Ignite Poison            Fire/Tmut/Pois 0%           75%         3
 Mephitic Cloud           Conj/Pois/Air  0%           75%         3
 Ozocubu's Armour         Ice            0%           75%         3
 Stone Arrow              Conj/Erth      0%           75%         3
 Airstrike                Air            0%           98%         4
 Cause Fear               Hex            0%           98%         4
 Hailstorm                Conj/Ice       0%           98%         4
 Olgreb's Toxic Radiance  Pois           0%           98%         4
 Petrify                  Tmut/Erth      0%           98%         4
 Summon Ice Beast         Ice/Summ       0%           98%         4
 Lee's Rapid Deconstruct  Erth           0%           100%        5
 Silence                  Hex/Air        0%           100%        5
 Yara's Violent Unravell  Hex/Tmut       0%           100%        5
 Conjure Ball Lightning   Conj/Air       0%           100%        6
 Discord                  Hex            0%           100%        8


Dungeon Overview and Level Annotations

Branches:
Dungeon (11/15)            Temple (1/1) D:7            Lair (0/6) D:8
    Orc: D:9-12

Altars:
Ashenzari
Cheibriados
Dithmenos
Elyvilon
Fedhas
Gozag
Hepliaklqana
Kikubaaqudgha
Makhleb
Nemelex Xobeh
Okawaru
Qazlal
Ru
Sif Muna
Trog
Uskayaw
Vehumet
Wu Jian
Xom
Yredelemnul
Zin
The Shining One

Shops:
D:6 =

Annotations:
D:11 Erica, Snorg


Innate Abilities, Weirdness & Mutations

You cannot be hasted, slowed, berserked, paralysed or teleported.
You can dig through walls and to a lower floor.
Your four strong arms can wield two-handed weapons with a shield.
((You have a pair of large antennae on your head. (SInv)))
You possess an exceptional clarity of mind.
You are robust. (+10% HP)


Message History

You feel like a meek peon again.
You block Snorg's attack. x2; Snorg claws you but does no damage.
Snorg bites you but does no damage. You block Snorg's attack.
Snorg barely misses you.
Unknown command.
Unknown command.
You slash Snorg!
Snorg is heavily wounded.
Snorg completely misses you.
You riposte.
You slash Snorg!
Snorg is heavily wounded.
Snorg claws you but does no damage. You block Snorg's attack.
You slash Snorg!
Snorg is severely wounded.
Snorg bites you!
* * * LOW HITPOINT WARNING * * *
Snorg claws you but does no damage. Snorg claws you.
* * * LOW HITPOINT WARNING * * *
Snorg bites you but does no damage. Snorg claws you but does no damage.
Snorg claws you!
You die...

#.........
#.........
#.........
#.........
##.........
#..#.......
#.##.T....#
#T# .....##
#♣# ######
##.# #..#
#.## #.#
##.# #..#
#..# #.##


You could see Snorg (berserk).

Vanquished Creatures
  Fannar (D:10)
  A two-headed ogre (D:8)
  Pikel (D:7)
  Maurice (D:9)
  Sigmund (D:6)
  6 yaks (D:9)
  A shadow (D:10)
  A wraith (D:8)
  A water moccasin (D:7)
  2 orc warriors
  3 ice beasts
  4 sky beasts
  2 ogres
  A phantom (D:8)
  2 centaurs
  6 bullfrogs
  A wyvern zombie (D:7)
  2 scorpions
  4 killer bees (D:7)
  A water moccasin skeleton (D:7)
  3 bullfrog zombies
  A centaur zombie (D:8)
  A quasit (D:10)
  A bullfrog skeleton (D:5)
  6 orc priests
  2 centaur skeletons
  Jessica (D:9)
  Terence (D:2)
  5 iguanas
  7 orc wizards
  10 worker ants
  A hound skeleton (D:8)
  A worker ant zombie (D:7)
  12 gnolls
  A howler monkey skeleton (D:5)
  10 adders
  A shadow imp (D:5)
  4 white imps
  3 ufetubi
  An ooze (D:6)
  An adder zombie (D:9)
  3 worms
  2 dart slugs
  3 leopard geckos
  29 orcs
  A ball python (D:3)
  10 bats
  5 giant cockroaches
  6 hobgoblins
  16 jackals
  6 kobolds
  5 quokkas
  6 frilled lizards
  3 goblins
  A leopard gecko skeleton (D:7)
  2 rats (D:1)
213 creatures vanquished.

Notes
Turn   | Place    | Note
-------+----------+-------------------------------------------
     0 | D:1      | Kejsarherre the Formicid Fighter began the quest for the
                  | Orb.
     0 | D:1      | Reached XP level 1. HP: 18/18 MP: 1/1
   167 | D:1      | Reached XP level 2. HP: 24/24 MP: 2/2
   242 | D:1      | Found a snail-covered altar of Cheibriados.
   943 | D:2      | Reached skill level 5 in Shields
   943 | D:2      | Reached XP level 3. HP: 29/29 MP: 3/3
   969 | D:2      | Noticed Terence
  1208 | D:2      | Found a glowing golden altar of the Shining One.
  1230 | D:2      | Reached XP level 4. HP: 31/35 MP: 4/4
  1293 | D:2      | Found a stormy altar of Qazlal.
  1341 | D:2      | Found a bloodstained altar of Trog.
  1350 | D:2      | Found a radiant altar of Vehumet.
  1420 | D:2      | Killed Terence
  1429 | D:2      | Reached XP level 5. HP: 35/41 MP: 5/5
  2175 | D:3      | Reached XP level 6. HP: 47/47 MP: 6/6
  2447 | D:3      | Gained mutation: Scrolls take you a little longer to read.
                  | [potion of mutation]
  2447 | D:3      | Gained mutation: You are weak. (Str -2) [potion of
                  | mutation]
  2447 | D:3      | Lost mutation: You are weak. (Str -2) [potion of mutation]
  2855 | D:4      | Found an ornate altar of the Wu Jian Council.
  3911 | D:4      | Reached XP level 7. HP: 52/52 MP: 7/7
  4276 | D:5      | Entered Level 5 of the Dungeon
  4301 | D:5      | Reached skill level 3 in Long Blades
  4483 | D:5      | Got a steaming ring mail
  4494 | D:5      | Identified the +4 ring mail of Distant Shores {rN+ Int+4
                  | Dex+7} (You found it on level 5 of the Dungeon)
  4550 | D:5      | Reached skill level 4 in Long Blades
  4648 | D:5      | Reached XP level 8. HP: 59/61 MP: 8/8
  5334 | D:6      | Reached skill level 5 in Fighting
  5334 | D:6      | Reached skill level 5 in Long Blades
  5465 | D:6      | Found Avau's Jewellery Emporium.
  5815 | D:6      | Reached skill level 6 in Long Blades
  5815 | D:6      | Noticed Sigmund
  5841 | D:6      | Killed Sigmund
  5842 | D:6      | Reached XP level 9. HP: 45/69 MP: 9/9
  6212 | D:7      | Noticed Pikel
  6311 | D:7      | Reached skill level 7 in Long Blades
  6376 | D:7      | Found a staircase to the Ecumenical Temple.
  6381 | Temple   | Entered the Ecumenical Temple
  6404 | Temple   | Became a worshipper of Warmaster Okawaru
  6722 | D:7      | Reached skill level 8 in Long Blades
  7118 | D:7      | Killed Pikel
  7118 | D:7      | Reached * piety under Okawaru
  7119 | D:7      | Reached skill level 9 in Long Blades
  7119 | D:7      | Reached XP level 10. HP: 58/80 MP: 10/10
  7920 | D:8      | Noticed a two-headed ogre
  7931 | D:8      | Killed a two-headed ogre
  7932 | D:8      | Reached skill level 10 in Long Blades
  8152 | D:8      | Found a staircase to the Lair.
  8538 | D:8      | Reached ** piety under Okawaru
  8703 | D:9      | Identified Ponulall's Handbook of the Snowflakes and the
                  | Birds
  8782 | D:9      | Found a sparkling altar of Nemelex Xobeh.
  8782 | D:9      | Noticed Jessica
  8785 | D:9      | Killed Jessica
  8867 | D:9      | Reached skill level 11 in Long Blades
  8876 | D:9      | HP: 2/83 [yak (11)]
  9323 | D:6      | Bought an uncursed amulet of faith for 480 gold pieces
  9365 | D:9      | Reached *** piety under Okawaru
  9446 | D:9      | Reached XP level 11. HP: 54/89 MP: 11/11
  9859 | D:9      | Noticed Maurice
  9877 | D:9      | Killed Maurice
  9966 | D:9      | Found a burning altar of Makhleb.
 10018 | D:10     | Entered Level 10 of the Dungeon
 10079 | D:10     | Noticed Fannar
 10192 | D:10     | Killed Fannar
 10193 | D:10     | Reached skill level 10 in Fighting
 10193 | D:10     | Reached skill level 12 in Long Blades
 10672 | D:10     | Lost mutation: Scrolls take you a little longer to read.
                  | [potion of mutation]
 10672 | D:10     | Gained mutation: You are robust. (+10% HP) [potion of
                  | mutation]
 10672 | D:10     | Gained mutation: You possess an exceptional clarity of
                  | mind. [potion of mutation]
 11067 | D:11     | Noticed Erica
 11067 | D:11     | Noticed Snorg
 11083 | D:11     | HP: 5/148 [Snorg (6)]
 11083 | D:11     | Slain by Snorg

Illustrated notes

Levels and vault maps discovered:
D:1:      lemuel_arrival_cross, layout_basic, cheibriados_altar_1
D:2:      layout_rooms, overflow_temple_1_default,
          nicolae_overflow_crystal_walls, amethyst_overflow_temple_binary,
          uniq_terence
D:3:      cheibrodos_pilgrimage, layout_basic
D:4:      layout_gridville, nzn_wu_jian_council_hall
D:5:      layout_basic
D:6:      layout_basic, serial_shops, kennysheep_mini, kennysheep_nondescript,
          nrook_mini_backslash, uniq_sigmund
D:7:      layout_basic, minmay_temple_entry_butterflies, uniq_pikel
D:8:      layout_layer_cave, lair_entry_dummy,
          amcnicky_mini_rare_corridor_liquid
D:9:      layout_roguey, lightli_temple_of_fire, nemelex_lonely_heart_becter,
          uniq_maurice
D:10:     layout_irregular_city, uniq_fannar
D:11:     layout_cave_pods, orc_0_dummy, uniq_erica, uniq_snorg
Temple:   lightli_temple_of_artemis

Skill      XL: |  1  2  3  4  5  6  7  8  9 10 11 |
---------------+----------------------------------+-----
Shields        | 4 5 6 7 8 9 |  9.0
Long Blades    | 4 6 9 11 12 | 12.2
Fighting       | 4 5 7 9 10 | 10.1
Armour         | |  3.2

Action                   |  1- 3 |  4- 6 |  7- 9 | 10-12 || total
-------------------------+-------+-------+-------+-------++-------
Melee: Long sword        |   100 |   163 |   212 |       ||   475
       Great sword       |       |       |   105 |   236 ||   341
Invok: Heroism           |       |       |       |     2 ||     2
Evoke: Wand              |       |     1 |     3 |    11 ||    15
  Use: Scroll            |       |     8 |     7 |     3 ||    18
       Potion            |       |     5 |     2 |     3 ||    10
Armor: Scale mail        |    38 |    75 |    19 |       ||   132
       Ring mail         |       |       |    65 |    47 ||   112
       Skin              |       |       |       |     6 ||     6
Dodge: Dodged            |    37 |    54 |   107 |   104 ||   302
Block: Kite shield       |    56 |    96 |   196 |   161 ||   509
       Rpst.: Long sword |     9 |    18 |    22 |       ||    49
       Great sword       |       |       |    14 |    25 ||    39
